ORI
UNIVERSITY OF SOUTHERN CALIFORNIA TROJANS @ UNIVERSITY OF MINNESOTA GOLDEN GOPHERS
11/19/2049
 
TOP OF THE 1ST
University of Southern California Trojans batting - Pitching for University of Oklahoma Sooners : RHP Matthew Sax
Pitching: RHP Matthew Sax
Batting: LHB Alonzo Catalan 0-0: Foul Ball, location: 2F
0-1: Swinging Strike
0-2: Strikes out swinging
Batting: RHB Jochen Schanz 0-0: Foul Ball, location: 2F
0-1: Fly out, F9 (Flyball, 9S, EV 77.5 MPH)
Batting: RHB John Sandberg 0-0: Ball
1-0: Ball
2-0: Ball
3-0: Called Strike
3-1: Ground out 5-3 (Groundball, 56, EV 89.4 MPH)
Top of the 1st over - 0 runs, 0 hits, 0 errors, 0 left on base; University of Southern California 0 - University of Oklahoma 0
BOTTOM OF THE 1ST
University of Oklahoma Sooners batting - Pitching for University of Southern California Trojans : RHP Ville Nyman
Pitching: RHP Ville Nyman
Batting: RHB Myles Sabine 0-0: SINGLE (Groundball, 6M, EV 108.1 MPH) (infield hit)
Batting: RHB Virgil Wenz 0-0: Ground out 6-3 (Groundball, 6S, EV 73.8 MPH)
Myles Sabine to second
Batting: SHB Orlando Uribe 0-0: Called Strike
Myles Sabine is caught stealing 3rd base 2-5
0-1: Swinging Strike
0-2: Ball
1-2: Foul Ball, location: 2F
1-2: Ball
2-2: Ball
3-2: Strikes out looking
Bottom of the 1st over - 0 runs, 1 hit, 0 errors, 0 left on base; University of Southern California 0 - University of Oklahoma 0
TOP OF THE 2ND
University of Southern California Trojans batting - Pitching for University of Oklahoma Sooners : RHP Matthew Sax
Batting: LHB Eli Evenson 0-0: Ball
1-0: Swinging Strike
1-1: Called Strike
1-2: Strikes out swinging
Batting: SHB Jason Keys 0-0: Ground out U3 (Groundball, 34, EV 101.9 MPH)
Batting: RHB Jim Baltazar 0-0: Foul Ball, location: 2F
0-1: Foul Ball, location: 2F
0-2: Ball
1-2: Foul Ball, location: 2F
1-2: Ground out 4-3 (Groundball, 4, EV 106.2 MPH)
Top of the 2nd over - 0 runs, 0 hits, 0 errors, 0 left on base; University of Southern California 0 - University of Oklahoma 0
BOTTOM OF THE 2ND
University of Oklahoma Sooners batting - Pitching for University of Southern California Trojans : RHP Ville Nyman
Batting: RHB Ruben Arreola 0-0: Ball
1-0: Foul Ball, location: 2F
1-1: Fly out, F9 (Flyball, 9, EV 86.2 MPH)
Batting: RHB Sugiarto Kartosuwiryo 0-0: Ball
1-0: Ball
2-0: Ball
3-0: Called Strike
3-1: Foul Ball, location: 2F
3-2: Strikes out swinging
Batting: RHB David Stuckey 0-0: Ball
1-0: Swinging Strike
1-1: Ball
2-1: Foul Ball, location: 2F
2-2: Strikes out looking
Bottom of the 2nd over - 0 runs, 0 hits, 0 errors, 0 left on base; University of Southern California 0 - University of Oklahoma 0
TOP OF THE 3RD
University of Southern California Trojans batting - Pitching for University of Oklahoma Sooners : RHP Matthew Sax
Batting: LHB Roger Kean 0-0: Called Strike
0-1: Ball
1-1: Called Strike
1-2: Ball
2-2: Ground out 5-3 (Groundball, 56S, EV 85.0 MPH)
Batting: RHB Tri Kartini 0-0: Called Strike
0-1: Ground out 4-3 (Groundball, 4, EV 87.5 MPH)
Batting: RHB Ashley Shepherd 0-0: Ball
1-0: Swinging Strike
1-1: Called Strike
1-2: Ball
2-2: Ball
3-2: Strikes out swinging, 2-3 out at first.
Top of the 3rd over - 0 runs, 0 hits, 0 errors, 0 left on base; University of Southern California 0 - University of Oklahoma 0
BOTTOM OF THE 3RD
University of Oklahoma Sooners batting - Pitching for University of Southern California Trojans : RHP Ville Nyman
Batting: RHB Kjeld Leen 0-0: Ball
1-0: Ball
2-0: Ball
3-0: Ground out 6-3 (Groundball, 6, EV 93.1 MPH)
Batting: RHB Jon Chatman 0-0: Ground out 6-3 (Groundball, 6, EV 86.9 MPH)
Batting: LHB Nelson Morales 0-0: Called Strike
0-1: Swinging Strike
0-2: Strikes out swinging
Bottom of the 3rd over - 0 runs, 0 hits, 0 errors, 0 left on base; University of Southern California 0 - University of Oklahoma 0
TOP OF THE 4TH
University of Southern California Trojans batting - Pitching for University of Oklahoma Sooners : RHP Matthew Sax
Batting: LHB Alonzo Catalan 0-0: Called Strike
0-1: Ball
1-1: Ball
2-1: Ground out 2-3 (Groundball, 13S, EV 75.0 MPH)
Batting: RHB Jochen Schanz 0-0: Ball
1-0: Foul Ball, location: 2F
1-1: Ball
2-1: Ball
3-1: Ground out U3 (Groundball, 34, EV 112.5 MPH)
Batting: RHB John Sandberg 0-0: Ball
1-0: Ground out 6-3 (Groundball, 6, EV 108.1 MPH)
Top of the 4th over - 0 runs, 0 hits, 0 errors, 0 left on base; University of Southern California 0 - University of Oklahoma 0
BOTTOM OF THE 4TH
University of Oklahoma Sooners batting - Pitching for University of Southern California Trojans : RHP Ville Nyman
Batting: RHB Myles Sabine 0-0: Foul Ball, location: 2F
0-1: Swinging Strike
0-2: Strikes out looking
Batting: RHB Virgil Wenz 0-0: Foul Ball, location: 2F
0-1: Called Strike
0-2: Ball
1-2: Strikes out looking
Batting: SHB Orlando Uribe 0-0: Foul Ball, location: 2F
0-1: Foul Ball, location: 2F
0-2: Ball
1-2: DOUBLE (Line Drive, 9LM, EV 109.4 MPH)
Batting: RHB Ruben Arreola 0-0: Ball
1-0: Swinging Strike
1-1: Foul Ball, location: 2F
1-2: Ground out 5-3 (Groundball, 56, EV 83.1 MPH)
Bottom of the 4th over - 0 runs, 1 hit, 0 errors, 1 left on base; University of Southern California 0 - University of Oklahoma 0
TOP OF THE 5TH
University of Southern California Trojans batting - Pitching for University of Oklahoma Sooners : RHP Matthew Sax
Batting: LHB Eli Evenson 0-0: Hit by Pitch
Batting: SHB Jason Keys 0-0: Ball
Eli Evenson is caught stealing 2nd base 2-6
1-0: Ground out 6-3 (Groundball, 4M, EV 89.4 MPH)
Batting: RHB Jim Baltazar 0-0: Called Strike
0-1: Called Strike
0-2: Ball
1-2: Fly out, F4 (Popup, 4MD, EV 61.2 MPH)
Top of the 5th over - 0 runs, 0 hits, 0 errors, 0 left on base; University of Southern California 0 - University of Oklahoma 0
BOTTOM OF THE 5TH
University of Oklahoma Sooners batting - Pitching for University of Southern California Trojans : RHP Ville Nyman
Batting: RHB Sugiarto Kartosuwiryo 0-0: Ball
1-0: Swinging Strike
1-1: Foul Ball, location: 2F
1-2: Ball
2-2: SOLO HOME RUN (Flyball, 7D, EV 93.1 MPH), Distance : 367 ft
Batting: RHB David Stuckey 0-0: Ball
1-0: Called Strike
1-1: Bunt for hit to 15 - play at first, batter OUT! 1-3
Batting: RHB Kjeld Leen 0-0: Ball
1-0: Called Strike
1-1: Ball
2-1: Ball
3-1: Called Strike
3-2: Base on Balls
Batting: RHB Jon Chatman 0-0: Ball
Kjeld Leen is caught stealing 2nd base 2-4
1-0: Ground out 1-3 (Groundball, 34S, EV 66.9 MPH)
Bottom of the 5th over - 1 run, 1 hit, 0 errors, 0 left on base; University of Southern California 0 - University of Oklahoma 1
TOP OF THE 6TH
University of Southern California Trojans batting - Pitching for University of Oklahoma Sooners : RHP Matthew Sax
Batting: LHB Roger Kean 0-0: Ball
1-0: Fly out, F8 (Flyball, 8RXD, EV 96.9 MPH)
Batting: RHB Tri Kartini 0-0: Ball
1-0: Ground out 5-3 (Groundball, 56S, EV 86.9 MPH)
Batting: RHB Ashley Shepherd 0-0: Ball
1-0: Ball
2-0: Called Strike
2-1: Foul Ball, location: 2F
2-2: Foul Ball, location: 2F
2-2: Ball
3-2: Ground out 4-3 (Groundball, 4, EV 86.9 MPH)
Top of the 6th over - 0 runs, 0 hits, 0 errors, 0 left on base; University of Southern California 0 - University of Oklahoma 1
BOTTOM OF THE 6TH
University of Oklahoma Sooners batting - Pitching for University of Southern California Trojans : RHP Ville Nyman
Batting: LHB Nelson Morales 0-0: Ball
1-0: Swinging Strike
1-1: Foul Ball, location: 2F
1-2: Strikes out looking
Batting: RHB Myles Sabine 0-0: Ball
1-0: Called Strike
1-1: Ball
2-1: Called Strike
2-2: Foul Ball, location: 2F
2-2: Strikes out swinging
Batting: RHB Virgil Wenz 0-0: Ball
1-0: Ball
2-0: Ball
3-0: Base on Balls
Pitching: LHP Jaden Peay
Batting: SHB Orlando Uribe 0-0: Ball
1-0: Called Strike
1-1: Ball
2-1: Ball
3-1: Foul Ball, location: 2F
3-2: Base on Balls
Virgil Wenz to second
Batting: RHB Ruben Arreola 0-0: Called Strike
0-1: Foul Ball, location: 2F
0-2: SINGLE (Line Drive, 89S, EV 100.6 MPH)
Virgil Wenz to third
Orlando Uribe to second
Runner from 3rd tries for Home, throw by CF and OUT! 8-2
Bottom of the 6th over - 0 runs, 1 hit, 0 errors, 2 left on base; University of Southern California 0 - University of Oklahoma 1
TOP OF THE 7TH
University of Southern California Trojans batting - Pitching for University of Oklahoma Sooners : RHP Matthew Sax
Batting: LHB Alonzo Catalan 0-0: Ball
1-0: Ball
2-0: Foul Ball, location: 2F
2-1: Foul Ball, location: 2F
2-2: Strikes out swinging
Batting: RHB Jochen Schanz 0-0: Ball
1-0: Called Strike
1-1: Ball
2-1: Foul Ball, location: 2F
2-2: Ground out 4-3 (Groundball, 4, EV 100.6 MPH)
Batting: RHB John Sandberg 0-0: Foul Ball, location: 2F
0-1: Swinging Strike
0-2: Ball
1-2: Fly out, F7 (Line Drive, 7, EV 91.2 MPH)
Top of the 7th over - 0 runs, 0 hits, 0 errors, 0 left on base; University of Southern California 0 - University of Oklahoma 1
BOTTOM OF THE 7TH
University of Oklahoma Sooners batting - Pitching for University of Southern California Trojans : LHP Jaden Peay
Batting: RHB Sugiarto Kartosuwiryo 0-0: Foul Ball, location: 2F
0-1: Swinging Strike
0-2: Ball
1-2: Ball
2-2: Strikes out looking
Batting: RHB David Stuckey 0-0: SINGLE (Groundball, 56, EV 96.9 MPH)
Batting: RHB Kjeld Leen 0-0: Swinging Strike
0-1: Foul Ball, location: 2F
0-2: Strikes out swinging
Batting: RHB Jon Chatman 0-0: Fielders Choice at 2nd, 6-4 (Groundball, 6, EV 85.6 MPH)
Bottom of the 7th over - 0 runs, 1 hit, 0 errors, 1 left on base; University of Southern California 0 - University of Oklahoma 1
TOP OF THE 8TH
University of Southern California Trojans batting - Pitching for University of Oklahoma Sooners : RHP Matthew Sax
Pinch Hitting: SHB Mhelter Daulong 0-0: Foul Ball, location: 2F
0-1: Ball
1-1: SOLO HOME RUN (Flyball, 9D, EV 103.1 MPH), Distance : 395 ft
Pitching: RHP Earl Freeman
Batting: SHB Jason Keys 0-0: Ball
1-0: Foul Ball, location: 2F
1-1: Ball
2-1: Ball
3-1: Fly out, F8 (Line Drive, 8LM, EV 91.2 MPH)
Batting: RHB Jim Baltazar 0-0: Ball
1-0: Ball
2-0: Called Strike
2-1: Foul Ball, location: 2F
2-2: Ball
3-2: Reached on error, E4 (Groundball, 4, EV 80.6 MPH)
Batting: LHB Roger Kean 0-0: Foul Ball, location: 2F
0-1: Ball
1-1: Foul Ball, location: 2F
1-2: Ground out 5-3 (Groundball, 56S, EV 85.6 MPH)
Jim Baltazar to second
Batting: RHB Tri Kartini 0-0: Foul Ball, location: 2F
0-1: Ground out 6-3 (Groundball, 6S, EV 88.1 MPH)
Top of the 8th over - 1 run, 1 hit, 1 error, 1 left on base; University of Southern California 1 - University of Oklahoma 1
BOTTOM OF THE 8TH
University of Oklahoma Sooners batting - Pitching for University of Southern California Trojans : LHP Jaden Peay
Now in LF: Mhelter Daulong
Batting: LHB Nelson Morales 0-0: Called Strike
0-1: SINGLE (Groundball, 13, EV 91.9 MPH) (infield hit)
Batting: RHB Myles Sabine 0-0: Bunt missed!
0-1: Bunted foul
0-2: Strikes out swinging
Batting: RHB Virgil Wenz 0-0: Called Strike
0-1: Bunt missed!
0-2: Strikes out swinging
Batting: SHB Orlando Uribe 0-0: Foul Ball, location: 2F
0-1: Swinging Strike
0-2: Ball
1-2: Strikes out swinging
Bottom of the 8th over - 0 runs, 1 hit, 0 errors, 1 left on base; University of Southern California 1 - University of Oklahoma 1
TOP OF THE 9TH
University of Southern California Trojans batting - Pitching for University of Oklahoma Sooners : RHP Earl Freeman
Batting: RHB Ashley Shepherd 0-0: Ball
1-0: Foul Ball, location: 2F
1-1: Ball
2-1: Ball
3-1: Swinging Strike
3-2: Base on Balls
Pitching: LHP Bruce Chapman
Batting: LHB Alonzo Catalan 0-0: Called Strike
0-1: Called Strike
0-2: Ball
1-2: Ball
2-2: Fielders Choice at 2nd, 6-4 (Groundball, 6, EV 101.9 MPH)
Batting: RHB Jochen Schanz 0-0: Called Strike
Alonzo Catalan steals 2nd, throwing error, E2
Alonzo Catalan to third
0-1: Squeeze Bunt to 13S - play home, runner OUT, batter safe! 1-2
Batting: RHB John Sandberg 0-0: Ground out 4-3 (Groundball, 4, EV 102.5 MPH)
Top of the 9th over - 0 runs, 0 hits, 1 error, 1 left on base; University of Southern California 1 - University of Oklahoma 1
BOTTOM OF THE 9TH
University of Oklahoma Sooners batting - Pitching for University of Southern California Trojans : LHP Jaden Peay
Pitching: LHP Bimo Kartini
Batting: RHB Ruben Arreola 0-0: Called Strike
0-1: Ball
1-1: Ball
2-1: Ball
3-1: Base on Balls
Batting: RHB Sugiarto Kartosuwiryo 0-0: Called Strike
0-1: Ball
1-1: Fielders Choice at 2nd, 5-4 (Groundball, 56S, EV 93.8 MPH)
Batting: RHB David Stuckey 0-0: Called Strike
0-1: Foul Ball, location: 2F
0-2: SINGLE (Groundball, 34D, EV 98.8 MPH)
Sugiarto Kartosuwiryo to second
Pinch Runner at 2nd Jon Terrones:
Batting: RHB Kjeld Leen 0-0: Called Strike
Jon Terrones steals 3rd base
David Stuckey to second
0-1: Ball
1-1: Intentional Walk
Batting: LHB Pedro Marrero 0-0: Ball
1-0: Foul Ball, location: 2F
1-1: Ball
2-1: Fly out, F5 (Popup, 5F, EV 72.5 MPH)
Batting: LHB Nelson Morales 0-0: Called Strike
0-1: SINGLE (Groundball, 6D, EV 96.9 MPH)
Jon Terrones scores
Bottom of the 9th over - 1 run, 2 hits, 0 errors, 2 left on base; University of Southern California 1 - University of Oklahoma 2
Sunday, July 16th , 2023 - OOTP Baseball 24.6 Build 69